[Event "Titled Tuesday Blitz November 14 Late 2023"]
[White "Bernat, David"]
[Black "Yelisieiev, Yevhenii"]
[WhiteFideId "2099225"]
[BlackFideId "14139642"]
[WhiteElo "2368"]
[BlackElo "2591"]
[Result "0-1"]
[Round "2"]
[TimeControl "180+1"]
[Date "2023.11.14"]
[WhiteClock "0:00:00"]
[BlackClock "0:01:10"]
[Board "113"]

1. c4 d6 2. Nc3 e5 3. g3 Nf6 4. Bg2 Be7 5. d3 O-O 6. e4 c6 7. Nge2 Nbd7 8. O-O a5 9. h3 Nc5 10. Be3 Ne6 11. f4 c5 12. f5 Nd4 13. g4 Ne8 14. Qd2 h6 15. Nd5 Bg5 16. Nxd4 cxd4 17. Bxg5 Qxg5 18. Qxg5 hxg5 19. Nb6 Rb8 20. a3 Nc7 21. b4 axb4 22. axb4 Na6 23. Rfb1 Rd8 24. Bf3 Bd7 25. Bd1 Kf8 26. Ba4 Bxa4 27. Rxa4 Ke7 28. Rba1 f6 29. Nd5+ Kf7 30. Rxa6 bxa6 31. Rxa6 Ra8 32. Rb6 Ra3 33. Rb7+ Kg8 34. Ne7+ Kh7 35. Nd5 Kh6 36. b5 Rxd3 37. b6 Rb3 38. Ra7 d3 39. Ra2 Rc8 40. Rd2 Rxc4 41. Kf2 Rxe4 42. Kf3 Rd4 43. Ne3 Rxb6 0-1


[Site "https://www.chess.com"]

[Event "Titled Tuesday Blitz November 14 Late 2023"]
[White "Fernandez Diaz, Cristian"]
[Black "Banzea, Alexandru-Bogdan"]
[WhiteFideId "22256687"]
[BlackFideId "1232622"]
[WhiteElo "2368"]
[BlackElo "2585"]
[Result "0-1"]
[Round "2"]
[TimeControl "180+1"]
[Date "2023.11.14"]
[WhiteClock "0:00:16"]
[BlackClock "0:00:14"]
[Board "114"]

1. d4 Nf6 2. c4 g6 3. Nc3 Bg7 4. e4 d6 5. Nf3 O-O 6. Be2 e5 7. O-O Bg4 8. d5 a5 9. Ne1 Bd7 10. Nd3 Na6 11. Be3 b6 12. a3 Nc5 13. f3 Nh5 14. b4 axb4 15. axb4 Rxa1 16. Qxa1 Nb3 17. Qb2 Nd4 18. c5 f5 19. Ra1 fxe4 20. Nxe4 Nf4 21. Nxf4 Rxf4 22. Bxf4 exf4 23. Qa2 Nxe2+ 24. Kf1 Bxa1 25. Qxa1 Bb5 26. Nf6+ Kf7 27. Ng4 Nd4+ 28. Kf2 Qe8 29. Nh6+ Kf8 30. h4 Qe3# 0-1


[Site "https://www.chess.com"]

[Event "Titled Tuesday Blitz November 14 Late 2023"]
[White "Gerbelli Neto, Eduardo"]
[Black "Janaszak, Dawid"]
[WhiteFideId "2103281"]
[BlackFideId "1119206"]
[WhiteElo "2357"]
[BlackElo "2580"]
[Result "0-1"]
[Round "2"]
[TimeControl "180+1"]
[Date "2023.11.14"]
[WhiteClock "0:00:27"]
[BlackClock "0:00:31"]
[Board "115"]

1. e4 c5 2. Nc3 Nc6 3. f4 g6 4. Nf3 Bg7 5. Bc4 e6 6. f5 Nge7 7. fxe6 fxe6 8. d3 O-O 9. O-O h6 10. Qe1 g5 11. Qg3 Ng6 12. Be3 Nd4 13. Bxd4 cxd4 14. Ne2 Qb6 15. Bb3 Kh8 16. h4 Nf4 17. Nxf4 gxf4 18. Qg6 e5 19. Qxb6 axb6 20. c3 dxc3 21. bxc3 d6 22. Bd5 Ra3 23. Rfc1 Bf6 24. Rab1 Bd8 25. d4 Bg4 26. dxe5 Bxf3 27. gxf3 dxe5 28. Bxb7 Rg8+ 29. Kf1 Rxa2 30. Bd5 Rgg2 31. Bxa2 Rxa2 32. Rd1 Bxh4 33. Rd3 Bf2 34. Rbd1 Bc5 35. R1d2 Ra1+ 36. Kg2 Rg1+ 37. Kh3 Rg3+ 38. Kh4 Kg7 39. Ra2 Be7+ 40. Kh5 Rg5+ 41. Kh4 Rg2+ 42. Kh5 Rxa2 0-1


[Site "https://www.chess.com"]

[Event "Titled Tuesday Blitz November 14 Late 2023"]
[White "Tikhonov, Viacheslav"]
[Black "Fernandez Bustamante, Leancy B."]
[WhiteFideId "44196407"]
[BlackFideId "3523870"]
[WhiteElo "2577"]
[BlackElo "2352"]
[Result "0-1"]
[Round "2"]
[TimeControl "180+1"]
[Date "2023.11.14"]
[WhiteClock "0:00:00"]
[BlackClock "0:01:51"]
[Board "116"]

1. e4 c5 2. Nf3 a6 3. d4 cxd4 4. c3 dxc3 5. Nxc3 e6 6. Bc4 d6 7. O-O Ne7 8. Qe2 Nbc6 9. Rd1 Ng6 10. b4 Nce5 11. Nxe5 Nxe5 12. Bb3 Bd7 13. f4 Ng6 14. f5 exf5 15. exf5+ Ne5 16. Nd5 Bxf5 17. Be3 Bg4 18. Qf1 Bxd1 19. Rxd1 Rc8 0-1


[Site "https://www.chess.com"]

[Event "Titled Tuesday Blitz November 14 Late 2023"]
[White "Lalanne, Pablo"]
[Black "Toncheva, Nadya"]
[WhiteFideId "112151"]
[BlackFideId "2924056"]
[WhiteElo "2351"]
[BlackElo "2574"]
[Result "1-0"]
[Round "2"]
[TimeControl "180+1"]
[Date "2023.11.14"]
[WhiteClock "0:00:08"]
[BlackClock "0:00:00"]
[Board "117"]

1. e4 c5 2. Nf3 Nc6 3. d4 cxd4 4. Nxd4 Nf6 5. Nc3 g6 6. Nxc6 bxc6 7. e5 Ng8 8. Bc4 Bg7 9. Qf3 e6 10. Bf4 Ne7 11. O-O O-O 12. Ne4 Nd5 13. Bg5 f6 14. exf6 Nxf6 15. Nd6 Qc7 16. Rad1 Ne8 17. Nxe8 Rxe8 18. Bf4 Be5 19. Bxe5 Qxe5 20. Rfe1 Qxb2 21. c3 d5 22. Bb3 Qa3 23. c4 Qf8 24. Qg3 Bd7 25. h4 Qf6 26. h5 d4 27. Re5 c5 28. Rxc5 e5 29. Rc7 Be6 30. Rc6 Qg7 31. h6 Qd7 32. Rxe6 Rxe6 33. c5 Kf8 34. Qf3+ Ke7 35. Qxa8 Rc6 36. Qg8 Rxc5 37. Qxh7+ Kd6 38. Qxg6+ Kc7 39. h7 e4 40. h8=Q e3 41. Qg3+ Kb6 42. Qf6+ Rc6 43. Qxd4+ Qxd4 44. Rxd4 e2 45. Rb4+ Ka5 46. Ra4+ Kb5 47. Qd3+ Kb6 48. Rb4+ Kc7 49. Qxe2 Rc1+ 50. Kh2 Rc6 51. Qe7+ Kc8 52. Rb7 Rh6+ 53. Kg1 1-0


[Site "https://www.chess.com"]

[Event "Titled Tuesday Blitz November 14 Late 2023"]
[White "Manukyan, Sargis A."]
[Black "Lebedev, Artem S."]
[WhiteFideId "13303970"]
[BlackFideId "34272747"]
[WhiteElo "2573"]
[BlackElo "2349"]
[Result "1-0"]
[Round "2"]
[TimeControl "180+1"]
[Date "2023.11.14"]
[WhiteClock "0:01:41"]
[BlackClock "0:00:00"]
[Board "118"]

1. d4 Nf6 2. c4 c5 3. Nc3 e6 4. d5 exd5 5. cxd5 d6 6. Nf3 g6 7. Bf4 a6 8. a4 Bg7 9. e3 O-O 10. h3 Re8 11. Be2 Ne4 12. Rc1 Bf5 13. O-O Qb6 14. a5 Qc7 15. Qa4 Nd7 16. Rfd1 Ndf6 17. Nd2 Nxd2 18. Rxd2 Ne4 19. Rdd1 b5 20. axb6 Qxb6 21. Qa3 Reb8 22. Na4 Qd8 23. Nc3 Qb6 24. Na4 Qd8 25. f3 Nf6 26. e4 Bd7 27. Nc3 Bb5 28. Qa1 Bxe2 29. Nxe2 Nd7 30. Rd2 Ne5 31. Qa3 Rb6 32. Nc3 Rab8 33. Na4 Rb4 34. Kh2 Qa5 35. Nxc5 Qxa3 36. bxa3 R4b5 37. Nd3 Nxd3 38. Rxd3 h6 39. Bxd6 Kh7 40. Bxb8 1-0


[Site "https://www.chess.com"]

[Event "Titled Tuesday Blitz November 14 Late 2023"]
[White "Weak-Player_EGY"]
[Black "Tologon tegin, Semetei"]
[BlackFideId "13800574"]
[WhiteElo "2349"]
[BlackElo "2568"]
[Result "0-1"]
[Round "2"]
[TimeControl "180+1"]
[Date "2023.11.14"]
[WhiteClock "0:01:09"]
[BlackClock "0:00:49"]
[Board "119"]

1. Nf3 c6 2. g3 d5 3. Bg2 Nf6 4. O-O g6 5. d4 Bg7 6. c4 O-O 7. cxd5 cxd5 8. Nc3 Nc6 9. Ne5 Be6 10. Nxc6 bxc6 11. Bf4 Nd7 12. Rc1 Qb6 13. e3 Qxb2 14. Na4 Qxa2 15. Rxc6 Rfc8 16. Nc3 Qa5 17. Rxc8+ Rxc8 18. Ne2 h6 19. Qb3 g5 20. Be5 Nxe5 21. dxe5 d4 22. Qb7 dxe3 23. fxe3 Bxe5 24. Nd4 Bxd4 25. exd4 Qc7 26. Qxc7 Rxc7 27. Re1 Bc4 28. Re5 e6 29. Kf2 f6 30. Ra5 Kf7 31. Ke3 Ke7 32. h4 Kd6 33. Be4 a6 34. hxg5 hxg5 35. Bd3 Bxd3 36. Kxd3 Rc6 37. Ke4 Rb6 38. Ra2 f5+ 39. Ke3 Rb3+ 40. Kf2 Rb6 41. Ke3 e5 42. dxe5+ Kxe5 43. Ra5+ Kf6 44. Kd4 Re6 45. Kc4 Re3 46. Rxa6+ Ke5 47. g4 fxg4 48. Rg6 Kf4 49. Kd4 Ra3 50. Rf6+ Kg3 51. Ke4 Kh2 52. Rf2+ Kh3 53. Rf6 g3 54. Rh6+ Kg4 0-1


[Site "https://www.chess.com"]

[Event "Titled Tuesday Blitz November 14 Late 2023"]
[White "Potapova, Margarita"]
[Black "KorolDimitriy75"]
[WhiteFideId "14126869"]
[WhiteElo "2565"]
[BlackElo "2348"]
[Result "1-0"]
[Round "2"]
[TimeControl "180+1"]
[Date "2023.11.14"]
[WhiteClock "0:01:00"]
[BlackClock "0:00:00"]
[Board "120"]

1. e4 c5 2. Nf3 d6 3. d4 cxd4 4. Nxd4 Nf6 5. Nc3 g6 6. f4 Nbd7 7. Bb5 a6 8. Bd3 Bg7 9. Qe2 O-O 10. Bd2 Qc7 11. O-O-O b5 12. Nf3 Nb6 13. e5 Nfd5 14. Nxd5 Nxd5 15. h4 Bb7 16. h5 e6 17. hxg6 hxg6 18. Ng5 dxe5 19. Nxe6 fxe6 20. Bxg6 Rfd8 21. Bh7+ Kf8 22. Rdf1 exf4 23. Qxe6 Qe5 24. Rxf4+ Nxf4 25. Bb4+ 1-0


[Site "https://www.chess.com"]

[Event "Titled Tuesday Blitz November 14 Late 2023"]
[White "Bettalli, Francesco"]
[Black "Eggleston, Thomas A"]
[WhiteFideId "2816453"]
[BlackFideId "412139"]
[WhiteElo "2552"]
[BlackElo "2347"]
[Result "1-0"]
[Round "2"]
[TimeControl "180+1"]
[Date "2023.11.14"]
[WhiteClock "0:01:49"]
[BlackClock "0:00:49"]
[Board "121"]

1. d4 e6 2. Nf3 f5 3. g3 Nf6 4. Bg2 Be7 5. O-O O-O 6. c4 d6 7. Qc2 Ne4 8. Nc3 Nxc3 9. Qxc3 a5 10. Nd2 Nc6 11. e4 e5 12. exf5 Nxd4 13. Qd3 Bxf5 14. Ne4 c6 15. Qd1 d5 16. cxd5 cxd5 17. Nc3 Be6 18. Be3 Bc5 19. Rc1 Rc8 20. Qd3 Kh8 21. Nb5 Bf5 22. Qd2 Nxb5 23. Bxc5 b6 24. Bxf8 Qxf8 25. Rxc8 Qxc8 26. Qxd5 Nd4 27. Qxe5 Bh3 28. Qxd4 1-0


[Site "https://www.chess.com"]

[Event "Titled Tuesday Blitz November 14 Late 2023"]
[White "Chylewski, Patryk"]
[Black "Van Osch, Mees"]
[WhiteFideId "1186191"]
[BlackFideId "1035967"]
[WhiteElo "2536"]
[BlackElo "2344"]
[Result "1/2-1/2"]
[Round "2"]
[TimeControl "180+1"]
[Date "2023.11.14"]
[WhiteClock "0:00:10"]
[BlackClock "0:00:39"]
[Board "122"]

1. e4 e6 2. d4 d5 3. e5 c5 4. c3 Qb6 5. Nf3 Bd7 6. Na3 Nh6 7. Bd3 Nf5 8. Bxf5 exf5 9. O-O c4 10. b3 cxb3 11. axb3 Na6 12. c4 Nc7 13. Re1 Bb4 14. Bd2 Bxd2 15. Qxd2 O-O 16. Nc2 Qxb3 17. c5 Nb5 18. Reb1 Qc3 19. Qxc3 Nxc3 20. Rxb7 Ba4 21. Ne3 f4 22. Nxd5 Nxd5 23. Rxa4 a6 24. h4 h6 25. Rd7 Nc3 26. Ra3 Nb5 27. Ra5 Rfd8 28. Rxa6 Rxd7 29. Rxa8+ Kh7 30. c6 Rd5 31. Ra5 Kg6 32. Nd2 Rxd4 33. Rxb5 Rxd2 34. Rc5 Rd8 35. c7 Rc8 36. Kf1 Kf5 37. Ke2 Ke4 38. g3 fxg3 39. fxg3 Kd4 40. Rc1 Kxe5 41. Kf3 Kd6 42. Ke4 Rxc7 43. Rd1+ Ke6 44. Rd4 Rc3 45. Kf4 Rc6 46. Re4+ Kf6 47. Ra4 h5 48. Ra3 g6 49. Ra4 Rb6 50. Rc4 Ra6 51. Rb4 Rc6 52. Ra4 Rd6 53. Rb4 Ra6 54. Rc4 Ra5 55. Rb4 Rf5+ 56. Ke3 Rf1 57. Rb6+ Kg7 58. Rb5 Rf5 59. Rb6 Re5+ 60. Kf4 Ra5 61. Rb4 Ra3 62. Rc4 Rb3 63. Ra4 Kf6 64. Ra6+ Kg7 65. Ra4 Rd3 66. Rc4 Rd5 67. Rb4 Rf5+ 68. Ke3 Kf6 69. Rb6+ Ke7 70. Ra6 Re5+ 71. Kf4 Rf5+ 72. Ke3 Ke8 73. Ra7 Kf8 74. Rb7 Kg7 75. Rb6 Ra5 76. Kf4 Ra4+ 77. Kf3 Rg4 78. Ra6 f6 79. Rb6 Ra4 80. Rc6 Ra3+ 81. Kf4 Ra4+ 82. Kf3 g5 83. hxg5 fxg5 84. Rb6 Ra3+ 85. Kg2 Rc3 86. Ra6 Rb3 87. Rc6 Kh7 88. Ra6 Rd3 89. Rb6 Ra3 90. Rc6 Kg7 91. Rb6 Ra7 92. Rc6 Rf7 93. Ra6 Rf6 94. Ra5 Kg6 95. Rb5 Ra6 96. Rc5 Rb6 97. Ra5 Rb2+ 98. Kf3 g4+ 99. Ke3 Rb3+ 100. Kf2 Rf3+ 101. Kg2 Rf5 102. Ra2 Kg5 103. Rb2 Rc5 104. Ra2 Rb5 105. Rc2 Rf5 106. Ra2 Rf3 107. Ra5+ Rf5 108. Ra2 h4 109. gxh4+ Kxh4 110. Rb2 Rg5 111. Ra2 Rc5 112. Rb2 Ra5 113. Rc2 Ra3 114. Rb2 Rg3+ 115. Kh2 Rh3+ 116. Kg2 Ra3 117. Rc2 Rd3 118. Rb2 Kg5 119. Ra2 Rd4 120. Rb2 Kf4 121. Rf2+ Ke4 122. Ra2 Kf5 123. Rf2+ Kg5 124. Rb2 Rd3 125. Ra2 Kf4 126. Rf2+ Kg5 127. Ra2 1/2-1/2


[Site "https://www.chess.com"]

[Event "Titled Tuesday Blitz November 14 Late 2023"]
[White "RodokininEV"]
[Black "Becerra, Juan David"]
[BlackFideId "4404998"]
[WhiteElo "2525"]
[BlackElo "2344"]
[Result "1-0"]
[Round "2"]
[TimeControl "180+1"]
[Date "2023.11.14"]
[WhiteClock "0:00:24"]
[BlackClock "0:00:00"]
[Board "123"]

1. d4 Nf6 2. c4 e6 3. Nf3 c5 4. d5 exd5 5. cxd5 d6 6. Nc3 g6 7. Bf4 Bg7 8. e3 Bg4 9. Be2 O-O 10. h3 Bxf3 11. Bxf3 a6 12. a4 Re8 13. O-O Nbd7 14. Bh2 Ne5 15. Be2 Qc7 16. e4 b6 17. f4 Ned7 18. Bf3 c4 19. Re1 Qc5+ 20. Kh1 Nf8 21. e5 dxe5 22. fxe5 N6d7 23. Ne4 Qb4 24. Nd6 Nxe5 25. Nxe8 Rxe8 26. d6 Nfd7 27. Bc6 Rc8 28. Bxd7 Nxd7 29. Re7 1-0


[Site "https://www.chess.com"]

[Event "Titled Tuesday Blitz November 14 Late 2023"]
[White "TheAlienParty"]
[Black "Suder, Jakub"]
[BlackFideId "1195310"]
[WhiteElo "2340"]
[BlackElo "2515"]
[Result "1-0"]
[Round "2"]
[TimeControl "180+1"]
[Date "2023.11.14"]
[WhiteClock "0:00:47"]
[BlackClock "0:00:12"]
[Board "124"]

1. c4 e6 2. g3 d5 3. Bg2 Nf6 4. Nf3 Be7 5. b3 O-O 6. Bb2 a5 7. O-O a4 8. Ne5 a3 9. Bd4 dxc4 10. e3 c5 11. Bc3 cxb3 12. Qxb3 Nd5 13. Rd1 Nxc3 14. dxc3 Qc7 15. Nc4 Nd7 16. Nbxa3 Ra6 17. Nb5 Qb8 18. a4 Nb6 19. Nxb6 Rxb6 20. a5 Ra6 21. Qc4 e5 22. Bd5 Rf6 23. f4 exf4 24. exf4 Bg4 25. Re1 Bd6 26. Nxd6 Qxd6 27. Bxb7 h5 28. a6 Qc7 29. Bd5 Bc8 30. a7 Bb7 31. Bxb7 Qxb7 32. Reb1 Qf3 33. Qxc5 h4 34. Qxf8+ Kxf8 1-0


[Site "https://www.chess.com"]

[Event "Titled Tuesday Blitz November 14 Late 2023"]
[White "elmusmolamas"]
[Black "Diaz, Fernando"]
[BlackFideId "3701255"]
[WhiteElo "2515"]
[BlackElo "2339"]
[Result "0-1"]
[Round "2"]
[TimeControl "180+1"]
[Date "2023.11.14"]
[WhiteClock "0:00:00"]
[BlackClock "0:00:04"]
[Board "125"]

1. e4 e6 2. d4 d5 3. Bd3 Nf6 4. Nd2 c5 5. c3 Be7 6. Ngf3 Nc6 7. O-O cxd4 8. cxd4 Qb6 9. e5 Nd7 10. Nb3 f6 11. exf6 Nxf6 12. Bf4 O-O 13. Bg3 Bd7 14. Re1 Rae8 15. Rc1 Nh5 16. Bb1 Nxg3 17. hxg3 Bf6 18. Nc5 Bc8 19. Qd2 Kh8 20. a3 e5 21. dxe5 Nxe5 22. Nxe5 Rxe5 23. b4 Qd6 24. Ne4 Qb6 25. Nxf6 Rxe1+ 26. Rxe1 Qxf6 27. f3 Be6 28. Qe3 Bg8 29. Qe5 Qb6+ 30. Qe3 d4 31. Qf2 Rd8 32. Bd3 Qc7 33. Re4 Qc3 34. Qe2 Qxa3 35. Re7 Qc1+ 36. Kf2 Rf8 37. Rxb7 Qa3 38. g4 a5 39. Qe5 Rf6 40. bxa5 Qxd3 41. g5 Rg6 42. Rd7 Qd2+ 43. Kf1 Rxg5 44. Qxd4 Qxg2+ 45. Ke1 Qxf3 46. a6 Rg2 47. Re7 Qh3 48. Kd1 Bb3+ 49. Kc1 Rc2+ 50. Kb1 Qf1+ 51. Re1 Qxe1+ 0-1


[Site "https://www.chess.com"]

[Event "Titled Tuesday Blitz November 14 Late 2023"]
[White "Statham_l3"]
[Black "Harish, Neeraj"]
[BlackFideId "30958130"]
[WhiteElo "2513"]
[BlackElo "2338"]
[Result "1-0"]
[Round "2"]
[TimeControl "180+1"]
[Date "2023.11.14"]
[WhiteClock "0:00:03"]
[BlackClock "0:00:02"]
[Board "126"]

1. e4 c5 2. Nf3 Nc6 3. b4 cxb4 4. d4 g6 5. d5 Bg7 6. c3 bxc3 7. dxc6 dxc6 8. Qxd8+ Kxd8 9. e5 c2 10. Na3 Bg4 11. Bb2 Kc7 12. Rc1 Rd8 13. Rxc2 Rd5 14. Bc4 Rc5 15. Bd4 Ra5 16. Rc3 Bxf3 17. Rxf3 Bxe5 18. Nb5+ Rxb5 19. Bxb5 Bxd4 20. Bc4 f5 21. Ke2 Nf6 22. Rd1 Rd8 23. h4 e5 24. a4 Ne4 25. Rc1 Nd6 26. Ba2 Kb6 27. Rb3+ Kc7 28. Rcb1 b6 29. f3 c5 30. a5 Nc8 31. axb6+ axb6 32. g4 Rd7 33. h5 Rd6 34. gxf5 gxf5 35. Ra3 Re6 36. Bxe6 Kc6 37. Bxc8 1-0


[Site "https://www.chess.com"]

[Event "Titled Tuesday Blitz November 14 Late 2023"]
[White "Chabris, Christopher"]
[Black "JackRodgers"]
[WhiteFideId "2005263"]
[WhiteElo "2336"]
[BlackElo "2511"]
[Result "0-1"]
[Round "2"]
[TimeControl "180+1"]
[Date "2023.11.14"]
[WhiteClock "0:00:00"]
[BlackClock "0:00:43"]
[Board "127"]

1. e4 c5 2. Nf3 g6 3. c3 Bg7 4. d4 cxd4 5. cxd4 d5 6. e5 Bg4 7. Bb5+ Nd7 8. O-O e6 9. Nbd2 a6 10. Bxd7+ Qxd7 11. h3 Bxf3 12. Qxf3 Ne7 13. Nb3 Nc6 14. Bg5 O-O 15. Rad1 b6 16. Rfe1 a5 17. Bf6 a4 18. Nc1 Rac8 19. Ne2 Na5 20. Nf4 Rc2 21. Nh5 Bh6 22. Qg3 Rfc8 23. Bg5 Bg7 24. Nf6+ Bxf6 25. Bxf6 Rxb2 26. Qg5 Qe8 27. Rc1 Rbc2 28. Rxc2 Rxc2 29. Re3 Qf8 30. Rg3 Nc4 31. Be7 h6 32. Qf6 Qg7 33. Qh4 Nd2 34. Bf6 Rc1+ 35. Kh2 Nf1+ 36. Kg1 Nxg3+ 37. Kh2 Nf1+ 38. Kg1 g5 39. Qh5 Ng3+ 40. Kh2 Nxh5 0-1


[Site "https://www.chess.com"]

[Event "Titled Tuesday Blitz November 14 Late 2023"]
[White "Shubenkova, Veronika"]
[Black "AndresDelgado77"]
[WhiteFideId "44124040"]
[WhiteElo "2510"]
[BlackElo "2332"]
[Result "1-0"]
[Round "2"]
[TimeControl "180+1"]
[Date "2023.11.14"]
[WhiteClock "0:01:00"]
[BlackClock "0:00:00"]
[Board "128"]

1. c4 c6 2. d4 d5 3. cxd5 cxd5 4. Nc3 Nf6 5. Nf3 Nc6 6. h3 a6 7. e3 Bf5 8. Bd3 Bg6 9. a3 Rc8 10. O-O b5 11. Ne2 e6 12. b4 Bd6 13. Bb2 Nd7 14. Rc1 Nb6 15. Re1 Bxd3 16. Qxd3 Nc4 17. Ba1 f5 18. Rc3 O-O 19. Nf4 Qf6 20. Rc2 g5 21. Nh5 Qg6 22. Ng3 f4 23. Qxg6+ hxg6 24. exf4 gxf4 25. Nf1 Rce8 26. N1d2 a5 27. Nxc4 dxc4 28. bxa5 Bxa3 29. a6 Nb4 30. Rc3 Nd3 31. Rb1 Ra8 32. Rxa3 b4 33. Ra4 c3 34. Ne1 Nxe1 35. Rxe1 Rfb8 36. a7 Rb7 37. Rxe6 Raxa7 38. Rxa7 Rxa7 39. Bxc3 bxc3 40. Rxg6+ Kf7 41. Rc6 Ra1+ 42. Kh2 Ra2 43. Rxc3 1-0


[Site "https://www.chess.com"]

[Event "Titled Tuesday Blitz November 14 Late 2023"]
[White "Lopez Del Alamo, Antonio"]
[Black "Przybylski, Wojciech"]
[WhiteFideId "2227339"]
[BlackFideId "1117599"]
[WhiteElo "2332"]
[BlackElo "2510"]
[Result "0-1"]
[Round "2"]
[TimeControl "180+1"]
[Date "2023.11.14"]
[WhiteClock "0:00:02"]
[BlackClock "0:01:08"]
[Board "129"]

1. e4 c5 2. Nf3 e6 3. d3 Nc6 4. g3 Nge7 5. h4 d5 6. Qe2 h5 7. Bg2 d4 8. e5 Qc7 9. O-O Nf5 10. Bf4 Bd7 11. Nbd2 Nb4 12. Nc4 Nd5 13. Bg5 b5 14. Ncd2 f6 15. Bf4 Nxf4 16. gxf4 Be7 17. Ne4 Bc6 18. a4 b4 19. b3 O-O-O 20. a5 Kb8 21. a6 Rde8 22. Bh3 Rhg8 23. Ra2 Bd5 24. Rb1 Qc6 25. Rba1 Bd8 26. Ra4 Ref8 27. exf6 gxf6+ 28. Ng3 Bxf3 0-1


[Site "https://www.chess.com"]

[Event "Titled Tuesday Blitz November 14 Late 2023"]
[White "D`Arruda, Ricardo D."]
[Black "Ramadoss, Ashokkumar"]
[WhiteFideId "100692"]
[BlackFideId "5040990"]
[WhiteElo "2510"]
[BlackElo "2331"]
[Result "1-0"]
[Round "2"]
[TimeControl "180+1"]
[Date "2023.11.14"]
[WhiteClock "0:00:44"]
[BlackClock "0:00:00"]
[Board "130"]

1. d4 Nf6 2. Nf3 g6 3. Nc3 Bg7 4. e4 d6 5. Bg5 h6 6. Bh4 O-O 7. Qd2 Bg4 8. Be2 Nc6 9. d5 Bxf3 10. Bxf3 Ne5 11. Be2 g5 12. Bg3 Ng6 13. h4 gxh4 14. Bxh4 Nxh4 15. Rxh4 e6 16. g3 exd5 17. exd5 Re8 18. O-O-O Nd7 19. Bd3 Qg5 20. f4 Qxg3 21. Rhh1 Qe3 22. Rdg1 Kf8 23. Bb5 Rad8 24. f5 Qxd2+ 25. Kxd2 Be5 26. Rg4 Nf6 27. Rc4 Re7 28. Rxh6 Kg7 29. Rh1 a6 30. Rg1+ Kf8 31. Ba4 b5 32. Nxb5 axb5 33. Bxb5 Nxd5 34. a4 Bf4+ 35. Kd3 Be5 36. c3 Nb6 37. Rcg4 Ree8 38. Bxe8 Ke7 39. Bc6 Re8 40. Bxe8 1-0


[Site "https://www.chess.com"]

[Event "Titled Tuesday Blitz November 14 Late 2023"]
[White "Bazzano, Sebastian"]
[Black "Ronka, Erik"]
[WhiteFideId "104566"]
[BlackFideId "505080"]
[WhiteElo "2318"]
[BlackElo "2509"]
[Result "0-1"]
[Round "2"]
[TimeControl "180+1"]
[Date "2023.11.14"]
[WhiteClock "0:00:04"]
[BlackClock "0:00:16"]
[Board "131"]

1. d4 d6 2. Bf4 Nd7 3. Nf3 g6 4. Nc3 Bg7 5. e4 e5 6. Be3 a6 7. Qd2 b5 8. dxe5 dxe5 9. O-O-O Bb7 10. Nd5 Ne7 11. Bg5 f6 12. Bh6 Bxh6 13. Qxh6 Bxd5 14. exd5 Nf5 15. Qh3 Qe7 16. Bd3 O-O 17. Bxf5 gxf5 18. Qxf5 Nc5 19. h4 Rad8 20. Rh3 Qd7 21. Rg3+ Kh8 22. Qxd7 Rxd7 23. b3 Ne4 24. Rg4 Nxf2 25. Rg3 Nxd1 26. Kxd1 Rg8 27. Rxg8+ Kxg8 28. c4 bxc4 29. bxc4 c6 30. Ke2 cxd5 31. cxd5 Rxd5 32. Nd2 Ra5 33. Ne4 Rxa2+ 34. Kf3 Kg7 35. Nd6 a5 36. Nf5+ Kf8 37. g4 a4 38. g5 fxg5 39. hxg5 a3 40. Ke4 Re2+ 0-1


[Site "https://www.chess.com"]

[Event "Titled Tuesday Blitz November 14 Late 2023"]
[White "rikchessmx"]
[Black "Omariev, Maksim"]
[BlackFideId "4193423"]
[WhiteElo "2317"]
[BlackElo "2508"]
[Result "1/2-1/2"]
[Round "2"]
[TimeControl "180+1"]
[Date "2023.11.14"]
[WhiteClock "0:01:44"]
[BlackClock "0:00:07"]
[Board "132"]

1. e4 c5 2. Nf3 d6 3. d4 cxd4 4. Nxd4 Nf6 5. Nc3 a6 6. f4 e5 7. Nf3 Nbd7 8. Bd3 Be7 9. O-O b5 10. Kh1 Bb7 11. a3 O-O 12. Qe1 Rc8 13. fxe5 Nxe5 14. Nd4 Re8 15. Nf5 Nfd7 16. Qg3 Bf8 17. Bg5 f6 18. Bh6 Ng6 19. Bd2 Nde5 20. Rae1 Kh8 21. h4 Ne7 22. Nd4 N7c6 23. Nf5 Ne7 24. Nd4 N7c6 25. Nf5 Ne7 1/2-1/2


[Site "https://www.chess.com"]

[Event "Titled Tuesday Blitz November 14 Late 2023"]
[White "Romero Ruscalleda, Josep"]
[Black "Ferreira, Vitor Hugo Vieira"]
[WhiteFideId "2231859"]
[BlackFideId "2119765"]
[WhiteElo "2313"]
[BlackElo "2507"]
[Result "0-1"]
[Round "2"]
[TimeControl "180+1"]
[Date "2023.11.14"]
[WhiteClock "0:00:00"]
[BlackClock "0:00:18"]
[Board "133"]

1. e4 c5 2. c3 Nf6 3. e5 Nd5 4. Nf3 e6 5. d4 cxd4 6. cxd4 Be7 7. Bd2 O-O 8. Nc3 b6 9. Nxd5 exd5 10. Bd3 d6 11. O-O Bg4 12. Re1 dxe5 13. dxe5 Nd7 14. h3 Bh5 15. Rc1 Nc5 16. Bb1 Bg6 17. Bxg6 fxg6 18. Bc3 Ne4 19. Bd4 Qd7 20. Nd2 Bb4 21. Rxe4 Bxd2 22. Qxd2 dxe4 23. Qe3 Qd5 24. Re1 Rad8 25. Bc3 Qxa2 26. Qxe4 Qd5 27. Qh4 Qe6 28. Ra1 Rd7 29. Ra4 Rfd8 30. Kh2 a5 31. Rc4 g5 32. Qe4 Qd5 33. Qg4 h5 34. Qe4 Qxe4 35. Rxe4 Rf7 36. f3 Rc7 37. e6 Rxc3 38. bxc3 Re8 39. Re5 Kf8 40. Rxg5 Rxe6 41. Rxh5 Rc6 42. Rf5+ Ke7 43. Re5+ Kd7 44. Rb5 Kc7 45. Rg5 g6 46. h4 a4 47. Rg4 b5 48. Rb4 Kb6 49. g4 Rxc3 50. Kg3 Ka5 51. Rb1 a3 52. h5 gxh5 53. gxh5 b4 54. h6 a2 55. Rh1 Rc8 56. Kg4 b3 57. f4 b2 58. h7 Rh8 59. Kg5 b1=Q 60. Rh5 Rxh7 61. Kf6+ Rxh5 62. f5 Qxf5+ 0-1


[Site "https://www.chess.com"]

[Event "Titled Tuesday Blitz November 14 Late 2023"]
[White "jactorres"]
[Black "Ardila, Oscar Humberto"]
[BlackFideId "4404742"]
[WhiteElo "2507"]
[BlackElo "2308"]
[Result "1-0"]
[Round "2"]
[TimeControl "180+1"]
[Date "2023.11.14"]
[WhiteClock "0:01:58"]
[BlackClock "0:00:45"]
[Board "134"]

1. e4 e5 2. Nf3 Nf6 3. Nxe5 d6 4. Nf3 Nxe4 5. Nc3 Nxc3 6. dxc3 Be7 7. Bc4 O-O 8. Be3 Nd7 9. Qd2 Nf6 10. O-O-O c6 11. Kb1 b5 12. Bd3 Qa5 13. Nd4 Bd7 14. Nf5 Rfe8 15. Nxe7+ Rxe7 16. Bg5 Be6 17. a3 Nd5 18. Bxe7 Nxe7 19. f4 Bd5 20. Rde1 Qc7 21. Qe3 Re8 22. Qh3 g6 23. f5 a5 24. f6 Be6 25. Qh6 Nf5 26. Bxf5 1-0


[Site "https://www.chess.com"]

[Event "Titled Tuesday Blitz November 14 Late 2023"]
[White "GAO"]
[Black "HeroRubiksCube"]
[WhiteElo "2305"]
[BlackElo "2506"]
[Result "0-1"]
[Round "2"]
[TimeControl "180+1"]
[Date "2023.11.14"]
[WhiteClock "0:01:23"]
[BlackClock "0:01:14"]
[Board "135"]

1. Nf3 d5 2. d4 Nf6 3. g3 e6 4. Bg2 Be7 5. c4 O-O 6. O-O dxc4 7. Na3 Bxa3 8. bxa3 b5 9. a4 a6 10. Ne5 Nd5 11. e4 Nf6 12. axb5 axb5 13. a4 Bb7 14. Ba3 Re8 15. axb5 Bxe4 16. Bxe4 Nxe4 17. Qf3 f5 18. Bc5 Rxa1 19. Rxa1 Nd7 20. Nc6 Qf6 21. Ra7 c3 22. Qd3 Ndxc5 23. dxc5 Nxc5 24. Qd7 Nxd7 0-1


[Site "https://www.chess.com"]